Map: 匹昂台地

Players

iGXiGua - Winner!

  • Race: Protoss Protoss
  • League: Master

iGMacSed (MacSed) - Winner!

  • Race: Protoss Protoss
  • League: Master

Nostalie

  • Race: Zerg Zerg
  • League: Master

小闲闲闲闲闲

  • Race: Zerg Zerg
  • League: Master

Event: GPL 2015 - Grand Finals

VOD

Have the link to the VOD?

Description

Time

  • Played on: Jan. 10, 2016, 7:58 a.m.
  • Length: 12:11

All games in this series

Show
View Real Time Build Order
Export as new Build Order

iGXiGua Protoss - Winner!

Build Orders: Nexus First, Oracle Opening 

Get SALT Encoding   

  12  0:01  Probe (Chrono Boost)  
  13  0:11  Probe (Chrono Boost)  
  14  0:17  Pylon  
  14  0:22  Probe (Chrono Boost)  
  15  0:36  Probe (Chrono Boost)  
  16  0:46  Probe (Chrono Boost)  
  18  0:57  Probe (Chrono Boost)  
  18  1:03  Nexus  
  18  1:14  Gateway  
  18  1:16  Probe (Chrono Boost)  
  19  1:22  Assimilator  
  19  1:27  Probe (Chrono Boost)  
  19  1:29  Assimilator  
  20  1:37  Probe (Chrono Boost)  
  21  1:42  Pylon  
  21  1:48  Probe (Chrono Boost)  
  22  1:58  Probe (Chrono Boost)  
  22  2:00  Cybernetics Core  
  23  2:08  Zealot  
  25  2:09  Probe (Chrono Boost)  
  26  2:17  Probe (Chrono Boost)  
  26  2:20  Probe (Chrono Boost)  
  28  2:27  Probe (Chrono Boost)  
  29  2:30  Probe (Chrono Boost)  
  30  2:38  Adept, Probe (Chrono Boost), Warp Gate  
  30  2:41  Probe (Chrono Boost)  
  34  2:49  Mothership Core (Chrono Boost)  
  36  2:52  Probe (Chrono Boost)  
  36  2:56  Pylon  
  37  3:02  Probe (Chrono Boost)  
  38  3:05  Adept  
  38  3:06  Stargate  
  38  3:07  Probe (Chrono Boost)  
  41  3:13  Probe (Chrono Boost)  
  41  3:17  Probe (Chrono Boost)  
  41  3:20  Forge  
  41  3:23  Probe (Chrono Boost)  
  41  3:26  Pylon  
  42  3:28  Probe (Chrono Boost)  
  43  3:34  Probe (Chrono Boost)  
  43  3:38  Probe (Chrono Boost)  
  44  3:44  Probe (Chrono Boost)  
  44  3:46  Adept  
  44  3:47  Oracle  
  47  3:49  Probe (Chrono Boost)  
  47  3:52  Nexus  
  51  3:56  Probe (Chrono Boost)  
  51  4:01  Photon Cannon  
  51  4:02  Probe (Chrono Boost)  
  53  4:07  Probe (Chrono Boost)  
  54  4:10  Pylon  
  54  4:14  Probe (Chrono Boost)  
  55  4:17  Probe (Chrono Boost)  
  55  4:19  Adept  
  55  4:20  Assimilator x2  
  55  4:22  Void Ray  
  58  4:27  Probe (Chrono Boost)  
  58  4:28  Probe (Chrono Boost)  
  64  4:33  Gateway  
  64  4:35  Gateway  
  65  4:39  Probe x2 (Chrono Boost)  
  66  4:51  Probe (Chrono Boost), Pylon  
  66  4:57  Pylon x2  
  64  5:03  Void Ray  
  63  5:15  Probe (Chrono Boost)  
  63  5:18  Adept  
  63  5:21  Photon Cannon, Probe (Chrono Boost)  
  62  5:23  Probe (Chrono Boost)  
  62  5:30  Probe (Chrono Boost)  
  62  5:33  Adept  
  62  5:34  Probe (Chrono Boost)  
  65  5:39  Robotics Facility  
  65  5:40  Gateway  
  65  5:41  Probe (Chrono Boost)  
  65  5:42  Probe (Chrono Boost)  
  60  5:43  Gateway  
  60  5:44  Adept, Gateway  
  60  5:47  Probe (Chrono Boost)  
  54  5:56  Probe (Chrono Boost)  
  56  5:58  Probe x2 (Chrono Boost)  
  56  6:00  Pylon  
  51  6:04  Pylon  
  51  6:07  Probe (Chrono Boost)  
  51  6:08  Adept  
  50  6:13  Probe (Chrono Boost)  
  43  6:21  Probe (Chrono Boost)  
  43  6:22  Probe (Chrono Boost)  
  43  6:24  Probe (Chrono Boost)  
  43  6:25  Sentry  
  41  6:36  Probe (Chrono Boost)  
  41  6:37  Probe (Chrono Boost)  
  43  6:40  Sentry  
  43  6:43  Probe (Chrono Boost)  
  43  6:47  Probe (Chrono Boost)  
  47  6:48  Probe (Chrono Boost)  
  49  6:54  Sentry  
  49  6:55  Probe (Chrono Boost)  
  49  6:57  Probe (Chrono Boost)  
  49  6:58  Probe (Chrono Boost), Sentry  
  49  7:00  Void Ray  
  60  7:09  Observer, Probe (Chrono Boost)  
  60  7:12  Probe x2 (Chrono Boost)  
  63  7:19  Pylon  
  63  7:21  Probe (Chrono Boost)  
  65  7:23  Probe (Chrono Boost)  
  65  7:29  Warp Prism, Probe (Chrono Boost)  
  66  7:33  Probe x2 (Chrono Boost)  
  70  7:41  Probe (Chrono Boost)  
  72  7:45  Probe (Chrono Boost)  
  72  7:48  Probe (Chrono Boost)  
  72  7:51  Adept x2  
  77  7:53  Probe (Chrono Boost)  
  77  7:54  Adept  
  77  7:57  Probe (Chrono Boost)  
  81  8:01  Zealot  
  81  8:02  Probe (Chrono Boost)  
  84  8:09  Probe x2 (Chrono Boost)  
  84  8:11  Immortal  
  86  8:13  Probe (Chrono Boost)  
  86  8:14  Twilight Council  
  86  8:19  Pylon  
  91  8:23  Probe (Chrono Boost)  
  91  8:24  Probe (Chrono Boost)  
  91  8:25  Probe (Chrono Boost)  
  91  8:27  Pylon  
  94  8:39  Adept  
  94  8:40  Probe (Chrono Boost)  
  97  8:44  Charge  
  97  8:46  Adept x2, Immortal  
  97  8:47  Adept, Zealot  
  105  8:48  Zealot  
  105  8:53  Probe (Chrono Boost)  
  105  8:54  Probe (Chrono Boost)  
  106  9:01  Probe (Chrono Boost), Assimilator  
  107  9:03  Adept, Assimilator  
  107  9:06  Probe (Chrono Boost)  
  109  9:10  Probe (Chrono Boost)  
  109  9:13  Templar Archives  
  107  9:18  Adept x4  
  110  9:25  Probe (Chrono Boost)  
  110  9:26  Immortal  
  110  9:27  Probe x2 (Chrono Boost)  
  112  9:38  Probe (Chrono Boost)  
  115  9:41  Zealot  
  115  9:44  Pylon  
  115  9:46  Pylon  
  115  9:48  Pylon  
  115  9:50  Pylon  
  113  9:54  Pylon  
  113  9:57  Pylon  
  113  9:58  Pylon  
  111  10:07  High Templar x3, Pylon  
  113  10:08  Zealot x2, High Templar  
  113  10:10  Pylon, Immortal  
  113  10:12  Psionic Storm, Pylon, Archon  
  113  10:13  Archon  
  123  10:16  Gateway  
  123  10:19  Gateway  
  127  10:24  Gateway  
  125  10:31  High Templar x2  
  125  10:33  Pylon  
  129  10:39  Adept x2  
  129  10:40  Adept, Zealot  
  137  10:49  Pylon  
  137  10:53  Forge  
  137  11:04  Zealot x2, High Templar x2  
  145  11:12  High Templar x2  
  145  11:17  Immortal  
  145  11:18  Zealot x2  
  151  11:23  Nexus  
  151  11:24  Pylon  
  157  11:29  Zealot x3, Assimilator  
  157  11:31  Assimilator  
  163  11:37  Zealot x2  
  167  11:55  Adept x3  
  167  11:56  Adept x2, Zealot x2  
  178  12:01  Adept  
  178  12:02  Adept  
Show
View Real Time Build Order
Export as new Build Order

iGMacSed Protoss - Winner!

Build Orders:  

Get SALT Encoding   

  12  0:00  Drone  
  13  0:08  Drone  
  14  0:18  Overlord  
  14  0:23  Extractor, Drone  
  15  0:36  Drone x2  
  17  1:02  Hatchery  
  17  1:04  Drone  
  17  1:17  Hatchery  
  16  1:21  Drone  
  17  1:34  Spawning Pool  
  17  1:38  Drone  
  17  1:42  Drone  
  17  1:45  Drone  
  19  1:50  Drone  
  20  2:01  Overlord  
  20  2:11  Drone  
  21  2:16  Drone  
  21  2:21  Zergling x2  
  23  2:27  Queen, Drone  
  23  2:28  Queen  
  23  2:29  Extractor  
  27  2:34  Zergling x2  
  27  2:35  Zergling x2  
  27  2:36  Extractor  
  29  2:37  Zergling x2  
  29  2:41  Drone  
  29  2:43  Zergling x2  
  31  2:48  Queen  
  31  2:49  Zergling x2  
  35  2:54  Drone x2  
  35  2:57  Drone  
  38  3:00  Extractor  
  38  3:04  Drone x2  
  39  3:12  Roach Warren  
  37  3:14  Drone  
  37  3:15  Drone  
  37  3:18  Drone  
  40  3:28  Drone  
  40  3:32  Metabolic Boost  
  40  3:33  Overlord  
  40  3:39  Drone x2  
  40  3:40  Overlord  
  41  3:47  Overlord  
  41  3:49  Drone  
  41  3:55  Roach x4  
  50  3:56  Overlord  
  50  4:00  Zergling x6  
  53  4:02  Zergling x2  
  53  4:03  Zergling x2  
  53  4:05  Zergling x2  
  53  4:07  Zergling x2  
  56  4:11  Zergling x4  
  56  4:14  Zergling x2  
  56  4:15  Zergling x2  
  62  4:17  Roach  
  62  4:23  Ravager  
  62  4:24  Ravager  
  64  4:25  Zergling x8  
  64  4:27  Zergling x2  
  64  4:31  Zergling x2  
  70  4:33  Zergling x6  
  70  4:36  Overlord  
  73  4:56  Zergling x20  
  68  5:09  Zergling x4  
  68  5:11  Zergling x2  
  68  5:13  Zergling x10  
  69  5:20  Zergling x8  
  59  5:39  Zergling x2  
  59  5:40  Zergling x16  
  61  5:50  Zergling x14  
  61  5:55  Zergling x2  
  65  5:58  Zergling x2  
  65  6:01  Zergling x4  
  61  6:11  Zergling x2  
  61  6:15  Zergling x14  
  62  6:24  Zergling x4  
  62  6:25  Zergling x4  
  61  6:29  Drone x3  
  58  6:36  Zergling x2  
  58  6:37  Zergling x8  
  58  6:40  Drone  
  57  6:53  Drone x4  
  57  6:54  Drone x3  
  60  6:57  Drone x2  
  61  7:06  Drone  
  58  7:09  Drone x3  
  58  7:15  Drone x3  
  64  7:28  Drone x8, Lair  
  67  7:36  Evolution Chamber  
  66  7:37  Drone  
  66  7:39  Drone x3  
  66  7:40  Extractor  
  66  7:41  Extractor  
  68  7:47  Overlord  
  68  7:53  Overlord  
  68  7:54  Drone  
  68  7:55  Extractor  
  68  7:57  Extractor  
  67  8:00  Queen  
  67  8:04  Drone, Zerg Melee Weapons Level 1  
  70  8:08  Zergling x8  
  70  8:10  Drone  
  70  8:11  Drone  
  76  8:13  Drone x3  
  76  8:14  Hatchery  
  78  8:24  Drone  
  79  8:28  Overlord  
  79  8:29  Hydralisk Den  
  70  8:49  Zergling x4  
  70  8:50  Zergling x8  
  70  8:53  Roach x3  
  70  8:54  Roach x4  
  70  8:55  Roach x2  
  92  8:58  Hydralisk x2  
  92  9:00  Queen  
  92  9:01  Hydralisk  
  92  9:02  Hydralisk x3  
  102  9:04  Zergling x2  
  102  9:06  Zergling x2  
  102  9:08  Queen  
  97  9:18  Muscular Augments, Hydralisk  
  97  9:19  Hydralisk  
  80  9:37  Drone x4  
  80  9:38  Drone x2  
  81  9:41  Drone x4  
  82  9:55  Drone x2  
  84  10:00  Roach x2  
  84  10:01  Drone  
  84  10:05  Drone  
  90  10:12  Hydralisk x3  
  90  10:13  Hydralisk  
  98  10:14  Hydralisk  
  100  10:24  Hydralisk x2  
  100  10:25  Hydralisk  
  106  10:31  Overlord x4  
  106  10:35  Overlord  
  106  10:37  Lurker Den  
  106  10:46  Overseer  
  106  10:52  Overlord  
  106  10:53  Zergling x2  
  106  10:54  Zergling x18  
  106  10:55  Zergling x2  
  107  11:14  Drone  
  107  11:16  Drone x2  
  107  11:17  Drone  
  111  11:25  Hydralisk x3  
  115  11:27  Roach x7  
  115  11:29  Roach  
  115  11:31  Roach  
  135  11:35  Roach  
  136  11:41  Roach x2  
  136  11:44  Roach  
  136  11:46  Roach x2  
  145  11:50  Overseer  
Show
View Real Time Build Order
Export as new Build Order

Nostalie Zerg 

Build Orders:  

Get SALT Encoding   

Show
View Real Time Build Order
Export as new Build Order

小闲闲闲闲闲 Zerg 

Build Orders:  

Get SALT Encoding   

Tags
 
Add a new tag
Caveats
  • Supply blocks, unpowered buildings, or Contaminate may cause inaccurate times.
  • Supply counts are checked every 10 seconds.